 Dungeon Crawl Stone Soup version 0.27-a0-869-g165b36e3f0 (webtiles) character file.

Game seed: 7777123921383499191

616 jestyr24 the Magician (level 7, 56/56 HPs)
             Began as a White Draconian Fire Elementalist on Apr 2, 2021.
             Quit the game on level 4 of the Dungeon.
             The game lasted 00:39:11 (4541 turns).

jestyr24 the Magician (DrFE)                        Turns: 4541, Time: 00:39:11

Health: 56/56      AC: 10    Str: 10    XL:     7   Next: 21%
Magic:  3/13       EV: 12    Int: 20    God:
Gold:   167        SH:  0    Dex: 12    Spells: 11/15 levels left

rFire    + . .     SeeInvis .   n - +4 hand axe "Yxacur" {chaos, rPois rF+ Int+3 Stlth-}
rCold    + . .     Faith    .   (no shield)
rNeg     . . .     Spirit   .   (armour unavailable)
rPois    +         Reflect  .   (helmet restricted)
rElec    .         Harm     .   (no cloak)
rCorr    .         Rampage  .   (no gloves)
Will     .....                  (no boots)
Stlth    +.........             (no amulet)
HPRegen  0.18/turn              a - +4 ring of protection
MPRegen  0.13/turn              (no ring)

@: very slightly contaminated
A: breathe frost, AC +6, unfitting armour, cold resistance 1, cold-blooded
a: Breathe Frost


You were on level 4 of the Dungeon.
You visited 1 branch of the dungeon, and saw 4 of its levels.

You collected 167 gold pieces.

Inventory:

Hand Weapons
 f - a +2 whip
 g - a +4 club
 n - the +4 hand axe "Yxacur" (weapon) {chaos, rPois rF+ Int+3 Stlth-}
   (You found it on level 4 of the Dungeon)

   Each time it hits an enemy it has a different, random effect.
   It affects your intelligence (+3).
   It protects you from fire.
   It protects you from poison.
   It makes you less stealthy.
 o - a +0 short sword of freezing
 s - a +2 flail of draining
Missiles
 b - 2 boomerangs
Jewellery
 a - a +4 ring of protection (left hand)
Wands
 l - a wand of polymorph (6)
Scrolls
 c - a scroll of immolation {unknown}
 d - a scroll of enchant armour {unknown}
 e - 3 scrolls of acquirement {unknown}
 h - 2 scrolls of teleportation {unknown}
 i - 5 scrolls of identify {unknown}
 j - a scroll of magic mapping {unknown}
Potions
 k - a potion of might
 m - a potion of haste {unknown}
 p - 2 potions of cancellation {unknown}
 q - a potion of heal wounds
 r - a potion of berserk rage {unknown}


   Skills:
 * Level 2.7 Fighting
 - Level 0.1 Polearms
 - Level 2.2 Dodging
 + Level 2.2 Stealth
 * Level 4.5 Spellcasting
 + Level 3.0 Conjurations
 * Level 0.9 Hexes
 * Level 4.1 Fire Magic


You had 11 spell levels left.
You knew the following spells:

 Your Spells              Type           Power      Damage    Failure   Level
a - Foxfire               Conj/Fire      72%        2x1d7     2%          1
b - Inner Flame           Hex/Fire       14%        N/A       13%         3

Your spell library contained the following spells:

 Spells                   Type           Power      Damage    Failure   Level
 Conjure Flame            Conj/Fire      18%        6-21      9%          3
 Confusing Touch          Hex            8%         N/A       24%         3
 Sticky Flame             Conj/Fire      18%        2d4       28%         4
 Gell's Gravitas          Tloc           2%         N/A       36%         3
 Fireball                 Conj/Fire      9%         3d6       61%         5
 Petrify                  Tmut/Erth      4%         N/A       77%         4
 Metabolic Englaciation   Hex/Ice        3%         N/A       95%         5
 Yara's Violent Unravell  Hex/Tmut       3%         3d4       95%         5


Dungeon Overview and Level Annotations

Branches:
Dungeon (4/15)
 Temple: D:4-7

Altars:

Shops:
D:1 (


Innate Abilities, Weirdness & Mutations

You can breathe waves of freezing cold which knock back foes.
Your icy white scales are hard. (AC +6)
You cannot fit into any form of body armour.
Your flesh is cold resistant. (rC+)
You are cold-blooded and may be slowed by cold attacks.


Message History

Aiming: Inner Flame (dangerous; 13% risk of failure)
Press: ? - help, Shift-Dir - straight line, f/p - Eustachio
Aim: Eustachio, wielding a +1 rapier of venom and wearing a +0 leather armour (chance to affect: 68%) Eustachio is filled with an inner flame.
Casting: Inner Flame (dangerous; 13% risk of failure)
Confirm with . or Enter, or press ? or * to list all spells.
You miscast Foxfire.
You are very lightly contaminated with residual magic.
Nothing appears to happen.
Casting: Foxfire (safe; 2% risk of failure)
Confirm with . or Enter, or press ? or * to list all spells.
You conjure some foxfire!
The foxfire hits Eustachio but does no damage.
The foxfire hits Eustachio.
Flame seeps out of Eustachio.
Eustachio is lightly wounded.
Casting: Foxfire (safe; 2% risk of failure)
Confirm with . or Enter, or press ? or * to list all spells.
You conjure some foxfire!
Eustachio is engulfed in blazing flames.
Flame seeps out of Eustachio.
Eustachio gestures wildly while chanting.
The foxfire hits Eustachio.
Flame seeps out of Eustachio.
Eustachio is heavily wounded.
The foxfire hits Eustachio.
Flame seeps out of Eustachio.
Eustachio is severely wounded.
Eustachio is engulfed in blazing flames.
The quokka disappears in a puff of smoke!
Eustachio explodes!
Your Conjurations skill increases to level 3!
Your Fire Magic skill increases to level 5!
You have reached level 7!
Your scales start taking on an icy white colour.
You learn Fire Magic much slower.
Your Fire Magic skill decreases to level 4!
You learn Ice Magic much quicker.
You can breathe waves of freezing cold which knock back foes.
You feel resistant to cold.
Okay, then.
Unknown command.
Are you sure you want to abandon this character and quit the game? (Confirm with "yes".)

...............#......##
...............#.......#
...............#.......#
...............#.......#
...............#.......#
#..............#......##
#..............#......##
#..............#§§§§...#
#..............#@§)§...#
#..............#§§.§..(#
.(.............#.......#
...............#.......#
...............#.......#
...............#[......#
.#'######......#......##
.#...)..#......#......##
##......#......#......>#


There were no monsters in sight!

Vanquished Creatures
  Eustachio (D:4)
  Edmund (D:4)
  An orc wizard (D:4)
  Natasha (thrice) (D:4)
  2 iguanas (D:4)
  7 gnolls
  3 adders
  A white imp (D:2)
  An adder skeleton (D:4)
  2 worms
  4 dart slugs
  8 orcs
  5 bats
  3 endoplasms
  2 giant cockroaches
  5 goblins
  10 hobgoblins
  4 quokkas
  7 ball pythons
  5 frilled lizards
  6 kobolds
  8 rats
89 creatures vanquished.

Vanquished Creatures (others)
  294 foxfires
294 creatures vanquished.

Grand Total: 383 creatures vanquished

Notes
Turn   | Place    | Note
-------+----------+-------------------------------------------
     0 | D:1      | jestyr24 the Draconian Fire Elementalist began the quest
                  | for the Orb.
     0 | D:1      | Reached XP level 1. HP: 14/14 MP: 3/3
   163 | D:1      | Found a faded altar of an unknown god.
   184 | D:1      | Found Juycw's Weapon Shop.
   214 | D:1      | Reached XP level 2. HP: 17/20 MP: 0/5
  1021 | D:1      | Reached skill level 1 in Fighting
  1021 | D:1      | Reached XP level 3. HP: 10/28 MP: 1/6
  1620 | D:2      | Reached XP level 4. HP: 35/35 MP: 2/7
  2476 | D:2      | Reached XP level 5. HP: 16/41 MP: 2/9
  3403 | D:4      | Noticed Eustachio
  3463 | D:4      | Noticed Natasha
  3475 | D:4      | Killed Natasha
  3502 | D:4      | Noticed Natasha
  3507 | D:4      | Killed Natasha
  3551 | D:4      | Noticed Natasha
  3574 | D:4      | Killed Natasha
  3575 | D:4      | Reached XP level 6. HP: 28/48 MP: 0/11
  3728 | D:4      | Identified the +4 hand axe "Yxacur" {chaos, rPois rF+ Int+3
                  | Stlth-}
  4048 | D:4      | Noticed Edmund
  4058 | D:3      | Upgraded the game from 0.27-a0-860-gaf99fae3ca to
                  | 0.27-a0-869-g165b36e3f0
  4097 | D:3      | Learned a level 3 spell: Inner Flame
  4146 | D:4      | Killed Edmund
  4540 | D:4      | Killed Eustachio
  4541 | D:4      | Reached skill level 5 in Fire Magic
  4541 | D:4      | Your scales start taking on an icy white colour.
  4541 | D:4      | Reached XP level 7. HP: 56/56 MP: 3/13
  4541 | D:4      | Gained mutation: Your flesh is cold resistant. (rC+) [White
                  | Draconian growth]
  4541 | D:4      | Quit the game

Illustrated notes

Levels and vault maps discovered:
D:1:      shiori_shiawase, layout_basic, serial_shops, shop,
          ebering_ecumenical_altar_mist
D:2:      minmay_diamond_boxcup, layout_rooms
D:3:      layout_basic
D:4:      layout_gridville, uniq_edmund, uniq_eustachio, uniq_natasha

Skill      XL: |  1  2  3  4  5  6 |
---------------+-------------------+-----
Fighting       | 1 2 |  2.7
Stealth        | 2 |  2.2
Dodging        | 2 |  2.2
Conjurations   | 2 3 |  3.0
Spellcasting   | 3 4 |  4.5
Fire Magic     | 4 4 |  4.1
Polearms       | |  0.1
Hexes          | |  0.9

Action                   |  1- 3 |  4- 6 |  7- 9 || total
-------------------------+-------+-------+-------++-------
Melee: Unarmed           |     2 |       |       ||     2
       Spear             |    26 |       |       ||    26
       Tailslap          |     1 |     1 |       ||     2
       Club              |     3 |    30 |       ||    33
       Whip              |     1 |       |       ||     1
 Cast: Foxfire           |    52 |   118 |       ||   170
       Inner Flame       |       |     6 |       ||     6
Armor: Skin              |    24 |    22 |       ||    46
Dodge: Dodged            |    42 |    52 |       ||    94

Table legend: (Time is in decaauts)
 A = Elapsed time spent in this place.
 B = Non-inter-level travel time spent in this place.
 C = Inter-level travel time spent in this place.
 D = Time resting spent in this place.
 E = Time spent auto-exploring this place.
 F = Levels seen in this place.
 G = Mean time per level.
                   A        B        C        D        E       F      G
               +--------+--------+--------+--------+--------+-----+--------+
         Total |   4575 |   4208 |    367 |   1087 |   1381 |   4 | 1143.8 |
       Dungeon |   4575 |   4208 |    367 |   1087 |   1381 |   4 | 1143.8 |
               +--------+--------+--------+--------+--------+-----+--------+

Top non-repeatable levels by time:
     D:1: 1584 daAuts
     D:2: 1120 daAuts
     D:3: 946 daAuts
     D:4: 923 daAuts
